 Dungeon Crawl Stone Soup version 0.16.2-12-gd0ad4c3 (webtiles) character file.

71 yevrey the Charmwright (level 4, 0/29 HPs)
             Began as a High Elf Skald on Oct 15, 2015.
             Succumbed to an adder's poison
             ... on level 3 of the Dungeon on Oct 16, 2015.
             The game lasted 00:09:16 (2142 turns).

yevrey the Charmwright (High Elf Skald)             Turns: 2142, Time: 00:09:16

Health: 0/29       AC:  3    Str: 12    XL:     4   Next: 5%
Magic:  9/12       EV: 12    Int: 15    God:
Gold:   143        SH:  0    Dex: 15    Spells: 4 memorised, 1 level left

rFire  . . .     SeeInvis .     a - +0 short sword
rCold  . . .     Clarity  .     b - +0 leather armour
rNeg   . . .     SustAb   .     (no shield)
rPois  .         Gourm    .     (no helmet)
rElec  .         Spirit   .     (no cloak)
rCorr  .         Warding  .     (no gloves)
rMut   +         Stasis   .     (no boots)
MR     .....                    e - amulet of resist mutation
Stlth  +.........               (no ring)
                                (no ring)

@: lethally poisoned (0 -> -5), singing, not resistant to hostile enchantments,
very unstealthy
A: no striking features
a: Stop Singing


You were on level 3 of the Dungeon.
You were not hungry.

You visited 1 branch of the dungeon, and saw 3 of its levels.

You collected 143 gold pieces.

Inventory:

Hand weapons
 a - a +0 short sword (weapon)
 l - a +3 short sword
Armour
 b - a +0 leather armour (worn)
 g - a +0 buckler
 h - a +0 pair of gloves
Jewellery
 e - an amulet of resist mutation (around neck)
 q - an uncursed ring of magical power {unknown}
Potions
 o - a potion of beneficial mutation {unknown}
 p - a potion of agility {unknown}
 r - a potion of resistance {unknown}
Books
 c - a book of Battle

   Spells                             Type                      Level
   a - Infusion                       Charms                       1
   b - Shroud of Golubria             Charms/Translocation         2
   c - Song of Slaying                Charms                       2
   d - Spectral Weapon                Hexes/Charms                 3
   e - Regeneration                   Charms/Necromancy            3
Comestibles
 d - 2 bread rations
 f - 3 chunks of flesh


   Skills:
 + Level 2.2 Fighting
 + Level 3.2 Short Blades
 - Level 1.0 Armour
 + Level 1.8 Dodging
 + Level 0.5 Stealth
 + Level 3.1 Spellcasting
 + Level 4.3 Charms
 + Level 0.4 Translocations


You had one spell level left.
You knew the following spells:

 Your Spells              Type           Power        Failure   Level  Hunger
a - Infusion              Chrm           ###...       4%          1    #......
b - Shroud of Golubria    Chrm/Tloc      #.........   17%         2    ##.....
c - Song of Slaying       Chrm           ###.....     8%          2    ##.....
d - Spectral Weapon       Hex/Chrm       #.......     38%         3    ###....


Dungeon Overview and Level Annotations

Branches:
Dungeon (3/15)

Altars:


Message History

You feel sick. The adder bites you but does no damage. The adder misses you.
You hit the adder but do no damage.
The adder is severely wounded.
* * * LOW HITPOINT WARNING * * *
You feel sick. The adder bites you.
* * * LOW HITPOINT WARNING * * *
You closely miss the adder.
The adder is severely wounded.
The adder barely misses you.
You hit the adder.
The adder is almost dead.
* * * LOW HITPOINT WARNING * * *
You feel sick. The adder barely misses you. The adder closely misses you.
You hit the adder.
You kill the adder!
You have reached level 4!
The bat hits you but does no damage. x2
Drink which item? (? for menu, Esc to quit)
It was a potion of restore abilities.
You feel refreshed.
You die...

.....###########.#
........)..........
......####.......#
... #.......# . .
#.####..# ...
#.......# ....#
#.####.... .... #.#
... #@# . #K##b#
...###..#.#
...........####.#
................#
.........(####..#
###...?..# #
#####.## #..


You could see a bat.

Vanquished Creatures
  3 adders
  A giant mite (D:2)
  5 giant cockroaches
  2 goblins (D:1)
  4 hobgoblins
  2 jackals (D:1)
  A quokka (D:2)
  3 bats (D:2)
  3 giant newts
  6 kobolds
  10 rats
40 creatures vanquished.

Vanquished Creatures (others)
  A butterfly (D:1)
1 creature vanquished.

Grand Total: 41 creatures vanquished

Notes
Turn   | Place    | Note
--------------------------------------------------------------
     0 | D:1      | yevrey, the High Elf Skald, began the quest for the Orb.
     0 | D:1      | Reached XP level 1. HP: 14/14 MP: 4/4
   276 | D:1      | Reached skill level 1 in Armour
   276 | D:1      | Reached skill level 4 in Charms
   369 | D:1      | Reached XP level 2. HP: 19/19 MP: 0/6
   376 | D:1      | Learned a level 2 spell: Shroud of Golubria
   379 | D:1      | Learned a level 2 spell: Song of Slaying
  1254 | D:2      | Reached XP level 3. HP: 20/24 MP: 1/8
  2048 | D:2      | Learned a level 3 spell: Spectral Weapon
  2140 | D:3      | HP: 1/24 [poisoned by an adder]
  2141 | D:3      | Reached XP level 4. HP: 1/29 MP: 9/12
  2142 | D:3      | Succumbed to an adder's poison

Action                   |  1- 3 |  4- 6 || total
-------------------------+-------+-------++-------
Melee: Short sword       |   136 |       ||   136
 Cast: Infusion          |    13 |       ||    13
       Shroud of Golubri |    15 |       ||    15
       Song of Slaying   |     2 |       ||     2
  Use: Scroll            |     7 |       ||     7
       Potion            |       |     1 ||     1
 Stab: Sleeping          |     1 |       ||     1
  Eat: Chunk             |     4 |       ||     4
       Fruit             |     3 |       ||     3
